 Dungeon Crawl Stone Soup version 0.20.0-15-g7f486f2 (webtiles) character file.

335985 skittles the Severer (level 20, 0/162 HPs)
             Began as a Grey Draconian Fire Elementalist on June 15, 2017.
             Was the Champion of Vehumet.
             Slain by an orc knight
             ... wielding a +2 halberd
              (23 damage)
             ... on level 4 of the Vaults on June 16, 2017.
             The game lasted 05:17:09 (71931 turns).

skittles the Severer (DrFE)                        Turns: 71931, Time: 05:17:10

Health: 0/162      AC: 19    Str: 15    XL:     20   Next: 97%
Magic:  27/41      EV: 17    Int: 28    God:    Vehumet [******]
Gold:   3823       SH: 18    Dex: 11    Spells: 4/47 levels left

rFire    + . .     SeeInvis +   a - +8 mithril axe "Arga" {speed, MR+}
rCold    . . .     Gourm    .   Q - +5 shield
rNeg     . . .     Faith    .   (armour unavailable)
rPois    .         Spirit   .   (helmet restricted)
rElec    .         Reflect  .   q - scarf {cloud immunity}
rCorr    .         Harm     .   L - +2 pair of gloves
MR       +++..                  d - +0 pair of boots
Stlth    ++........             J - amulet of magic regeneration
Regen    0.4/turn               R - ring "Jaax" {rC+ MR+ Int+3}
MPRegen  0.4/turn               e - ring of Suopirun {Fire +Inv Str+4 SInv}

@: very slightly contaminated, drained
A: walk through water, unfitting armour, stinger 1, see invisible, high mp 1,
unbreathing, cold-blooded, AC +15
}: 2/15 runes: decaying, serpentine
a: Renounce Religion, Evoke Invisibility


You were on level 4 of the Vaults.
You worshipped Vehumet.
Vehumet was exalted by your worship.
You were not hungry.

You visited 8 branches of the dungeon, and saw 37 of its levels.
You also visited: Ossuary, Ice Cave and Volcano.

You collected 4165 gold pieces.
You spent 342 gold pieces at shops.

Inventory:

Hand Weapons
 a - the +8 mithril axe "Arga" (weapon) {speed, MR+}
   (You found it on level 6 of the Dungeon)

   Attacks with this weapon are significantly faster.
   It affects your resistance to hostile enchantments.
 b - a +1 trident of venom
 n - the +8 glaive of the Guard {elec, +Rage AC+5 SInv}
   (You found it on level 1 of the Vaults)

   Occasionally, upon striking a foe, it will discharge some electrical energy
   and cause terrible harm.
   It affects your AC (+5).
   It lets you see invisible.
   It lets you go berserk.
Armour
 d - a +0 pair of boots (worn)
 q - a scarf of cloud immunity (worn)
 L - a +2 pair of gloves (worn)
 Q - a +5 shield (worn)
Jewellery
 e - the ring of Suopirun (right hand) {Fire +Inv Str+4 SInv}
   (You took it off a naga ritualist on level 4 of the Snake Pit)

   [ring of fire]

   It enhances your fire magic.
   It affects your strength (+4).
   It protects you from fire.
   It makes you vulnerable to cold.
   It lets you see invisible.
   It lets you turn invisible.
 g - the ring of Benevolence {Ice rElec Str+6 Int-2}
   (You found it on level 9 of the Dungeon)

   [ring of ice]

   It enhances your ice magic.
   It affects your strength (+6).
   It affects your intelligence (-2).
   It makes you vulnerable to fire.
   It protects you from cold.
   It insulates you from electricity.
 k - an uncursed ring of protection from magic
 y - an uncursed ring of resist corrosion
 J - an amulet of magic regeneration (around neck)
 K - the ring of Saoruis {rPois rN+ Str+2 Int+3}
   (You found it on level 9 of the Dungeon)

   [ring of strength]

   It affects your strength (+2).
   It affects your intelligence (+3).
   It protects you from poison.
   It protects you from negative energy.
 R - the ring "Jaax" (left hand) {rC+ MR+ Int+3}
   (You found it on level 9 of the Dungeon)

   [ring of intelligence]

   It affects your intelligence (+3).
   It protects you from cold.
   It affects your resistance to hostile enchantments.
Wands
 C - a wand of digging (24/24)
 V - a wand of clouds (6/9)
Scrolls
 c - a scroll of recharging
 h - 11 scrolls of identify
 j - 6 scrolls of teleportation
 r - 2 scrolls of fear
 s - 2 scrolls of silence
 t - 5 scrolls of fog
 v - 5 scrolls of vulnerability
 A - 7 scrolls of magic mapping
 E - 3 scrolls of blinking
 F - 5 scrolls of amnesia
 U - 2 scrolls of summoning
 W - 10 scrolls of remove curse
Potions
 f - 4 potions of ambrosia
 m - a potion of magic
 o - 3 potions of might
 p - 6 potions of curing
 u - 4 potions of resistance
 x - 7 potions of flight
 z - 5 potions of lignification
 B - 4 potions of heal wounds
 D - 4 potions of cancellation
 G - 4 potions of brilliance
 H - 4 potions of haste
 M - 5 potions of berserk rage
 P - a potion of invisibility
 X - 6 potions of agility
Miscellaneous
 i - a lightning rod (3/4)
 w - a sack of spiders
 N - a crystal ball of energy
 O - a phantom mirror
Comestibles
 l - 6 bread rations
 I - 2 chunks of flesh
 S - a meat ration
 T - a royal jelly


   Skills:
 - Level 10.4(9.9) Fighting
 + Level 17.9(17.4) Axes
 - Level 10.0(9.6) Dodging
 - Level 1.7(1.3) Stealth
 - Level 15.4(14.9) Shields
 + Level 14.0(13.4) Spellcasting
 + Level 14.3(13.8) Conjurations
 - Level 12.2(11.7) Fire Magic
 + Level 15.5(15.0) Earth Magic


You had 4 spell levels left.
You knew the following spells:

 Your Spells              Type           Power        Failure   Level  Hunger
a - Bolt of Magma         Conj/Fire/Erth #######...   1%          5    ##.....
b - Conjure Flame         Conj/Fire      #######.     1%          3    None
c - Sticky Flame          Conj/Fire      #######.     1%          4    None
d - Fireball              Conj/Fire      #######...   1%          5    ##.....
e - Dazzling Spray        Conj/Hex       ######       1%          3    None
f - Sandblast             Erth           ######       0%          1    None
g - Iron Shot             Conj/Erth      #######...   1%          6    ####...
h - Flame Tongue          Conj/Fire      #####        0%          1    None
i - Stone Arrow           Conj/Erth      ######       0%          3    None
j - Swiftness             Chrm/Air       ###.....     4%          2    None
k - Lehudib's Crystal Sp  Conj/Erth      #######...   13%         8    #######
l - Blink                 Tloc           N/A          4%          2    None


Dungeon Overview and Level Annotations

Branches:
Dungeon (15/15)            Temple (1/1) D:7            Lair (6/6) D:11
  Swamp (4/4) Lair:4        Snake (4/4) Lair:4        Slime (0/5) Lair:6
    Orc (2/2) D:12            Elf (1/3) Orc:2        Vaults (4/5) D:14
  Crypt (0/3) Vaults:2     Depths (0/5) D:15

Altars:
Ashenzari
Cheibriados
Dithmenos
Elyvilon
Fedhas
Gozag
Hepliaklqana
Kikubaaqudgha
Makhleb
Nemelex Xobeh
Okawaru
Qazlal
Ru
Sif Muna
Trog
Uskayaw
Vehumet
Xom
Yredelemnul
Zin
The Shining One

Shops:
D:10 ?   D:13 (   Orc:2 *!:(   Snake:1 !   Snake:3 %!:[   Snake:4 ?

Portals:
Pandemonium: Orc:2

Annotations:
Vaults:2 PeterLawrence's ghost, adept MiFi
Vaults:3 Jory


Innate Abilities, Weirdness & Mutations

You can walk through water.
Your dull iron-grey scales are very hard. (AC +15)
You cannot fit into any form of body armour.
You can survive without breathing.
You are cold-blooded and may be slowed by cold attacks.
Your tail ends in a poisonous barb.
You have supernaturally acute eyesight. (SInv)
You have an increased reservoir of magic. (+10% MP)


Message History

Your surroundings suddenly seem different.
The ice dragon breathes frost at you. The blast of cold hits you!
* * * LOW HITPOINT WARNING * * *
There is an open door here.
You close the door.
There is a stone staircase leading down here.
You climb downwards.
A warg, 10 orcs and a zombie come into view.
An orc warrior is wielding a flail of crushing.
The orc warrior shouts! x3; The orc knight shouts!
The orc shouts!
You hear a shout! x2; The orc warrior shouts!
There is a stone staircase leading up here.
The orc knight roars a battlecry!
The orcs go into a battle-frenzy!
The orc sorcerer points at you and mumbles some strange words.
The bolt of negative energy hits you!
You feel drained.
* * * LOW HITPOINT WARNING * * *
The orc knight hits you from afar with an enchanted halberd!!
You die...

#### ## ...
.# .. o.# .
.##o##...
#.o.Z.#
#@.oh.#
+..oo.oo....
#..#.....#..
####o.oo.#
.##.##.. .
.. .. . ..#
. ## ###


You could see 2 orc knights, a warg, an orc sorcerer, 5 orc warriors, 3 orcs and
a titan zombie.

Vanquished Creatures
  the Lernaean hydra (Swamp:4)
  Vashnia (Snake:4)
  Jorgrun (Snake:4)
  Rupert (D:15)
  2 liches (Vaults:1)
  An acid blob (Lair:6)
  5 thorn hunters
  2 tengu reavers
  8 nagarajas
  Kirke (D:12)
  2 fire giants
  Aizul (Snake:3)
  6 vault wardens
  A deep elf sorcerer (Vaults:1)
  A frost giant (Vaults:1)
  2 orc warlords
  9 ironheart preservers
  2 stone giants
  3 very ugly things
  Nessos (D:14)
  3 deep elf annihilators (Vaults:1)
  A dire elephant (Lair:6)
  2 ettins (Vaults:3)
  A deep elf death mage (Elf:1)
  4 yaktaur captains
  Harold (Orc:1)
  2 ice dragons
  17 naga warriors
  A great orb of eyes (Vaults:1)
  2 vault guards (Vaults:1)
  27 hydras
  Erolcha (D:10)
  4 ghost crabs
  Erica (Orc:1)
  5 centaur warriors
  8 ogre magi
  11 anacondas
  5 alligators
  A deep troll earth mage (D:14)
  2 catoblepae
  2 dancing weapons (Elf:1)
  8 death yaks
  2 deep troll shamans
  26 two-headed ogres
  Urug (D:10)
  6 orc high priests (Orc:2)
  26 naga sharpshooters
  A tengu warrior (D:13)
  5 deep elf knights
  A shock serpent (shapeshifter) (Vaults:1)
  11 shock serpents
  2 fire crabs
  A sixfirhy (Orc:2)
  A hell knight (Volcano)
  2 infernal demonspawn (Orc:2)
  A salamander mystic (Snake:3)
  The ghost of Quirk the Cleaver, a novice DsFi of Okawaru (D:7)
  11 deep trolls
  6 wizards
  The ghost of Quirk the Carver, a novice DsGl of Ru (D:8)
  2 spriggan druids (Swamp:4)
  A torturous demonspawn (Orc:2)
  An entropy weaver zombie (Vaults:1)
  2 unseen horrors (D:13)
  13 swamp dragons
  A shambling mangrove (Swamp:2)
  12 naga ritualists
  15 orc knights
  2 tengu zombies (Vaults:3)
  A lindwurm (Lair:6)
  12 deep elf magi
  9 ironbrand convokers
  A phantasmal warrior (Vaults:1)
  6 necromancers
  15 mana vipers
  19 ugly things
  12 orc sorcerers
  6 cyclopes
  5 wolf spiders
  5 manticores
  14 salamanders
  A large abomination (Elf:1)
  16 elephants
  6 ice statues
  5 guardian serpents
  A rust devil (Orc:2)
  Maurice (Orc:2)
  49 black mambas
  11 vault sentinels
  25 naga magi
  A smoke demon (Orc:2)
  8 centaur skeletons
  2 gargoyles (D:14)
  2 molten gargoyles (Volcano)
  A storm dragon simulacrum (Vaults:2)
  19 spiny frogs
  A torpor snail (Lair:6)
  6 freezing wraiths
  4 rime drakes
  9 komodo dragons
  29 yaktaurs
  An efreet (D:9)
  An anaconda simulacrum (IceCv)
  A tengu conjurer (D:14)
  An entropy weaver simulacrum (Vaults:1)
  A red devil (Orc:2)
  A golden dragon simulacrum (IceCv)
  A hellwing (Orc:2)
  A merfolk (shapeshifter) (D:14)
  A queen bee (shapeshifter) (D:14)
  2 polar bears
  8 trolls
  A slime creature (shapeshifter) (Vaults:1)
  11 bog bodies
  2 tyrant leeches
  A hornet (shapeshifter) (D:15)
  26 blink frogs
  15 hippogriffs
  31 slime creatures
  Prince Ribbit (D:7)
  A hippogriff (shapeshifter) (Vaults:1)
  9 hornets
  A stone giant simulacrum (Vaults:2)
  5 dream sheep (Lair:4)
  Sigmund (D:6)
  2 vampires
  A wraith (Vaults:1)
  2 water elementals (D:14)
  7 spriggans
  A shadow (D:15)
  A fire elemental (Elf:1)
  6 fire bats (Volcano)
  6 wyverns
  52 yaks
  2 hogs (D:12)
  16 humans
  A steam dragon (D:8)
  4 basilisks
  21 vampire mosquitoes
  2 hungry ghosts
  29 swamp worms
  8 wargs
  75 nagas
  3 harpy simulacra (IceCv)
  22 insubstantial wisps
  An iron troll simulacrum (IceCv)
  5 acid dragons
  15 water moccasins
  2 hydra simulacra (IceCv)
  13 porcupines
  65 orc warriors
  19 swamp drakes
  3 sky beasts
  5 black bears
  An ettin simulacrum (IceCv)
  23 ogres
  2 eyes of draining
  2 necrophages
  A phantom (D:4)
  8 ice beasts
  8 boggarts
  9 centaurs
  6 crocodiles
  16 wolves
  3 big kobolds
  8 elf zombies
  17 bullfrogs
  An earth elemental (Orc:2)
  An ogre simulacrum (Vaults:1)
  A wyvern zombie (D:9)
  A wyvern skeleton (D:14)
  6 scorpions
  An elf simulacrum (Vaults:3)
  6 killer bees
  4 wights (D:8)
  A howler monkey (D:8)
  5 centaur zombies
  An electric eel (Lair:5)
  3 bullfrog zombies
  6 crimson imps
  6 lava snakes (Volcano)
  2 quasits
  A yaktaur simulacrum (Vaults:1)
  3 bullfrog skeletons
  23 orc priests
  4 human zombies
  7 jellies
  8 hounds
  10 iguanas
  Terence (D:2)
  23 orc wizards
  3 polar bear simulacra (Lair:2)
  16 worker ants
  4 yak simulacra (Lair:2)
  2 wolf simulacra (Lair:2)
  A big kobold zombie (Ossuary)
  2 hound skeletons
  A hound zombie (Ossuary)
  3 mummies (Ossuary)
  4 gnolls
  17 adders
  5 shadow imps
  4 oozes
  3 adder skeletons
  6 adder zombies
  16 worms
  2 dart slugs
  7 leopard geckos
  116 orcs
  8 bats
  5 giant cockroaches
  2 gnoll zombies (Ossuary)
  6 goblins
  2 hobgoblins
  20 jackals
  7 quokkas
  5 ball pythons
  5 frilled lizards
  4 goblin zombies (Ossuary)
  A hobgoblin zombie (Ossuary)
  A jackal skeleton (D:8)
  3 jackal zombies (Ossuary)
  24 kobolds
  4 kobold zombies (Ossuary)
  A quokka skeleton (D:7)
  6 quokka zombies (Ossuary)
  6 rats
  A rat zombie (Ossuary)
  2 river rat simulacra (Lair:2)
  2 crawling corpses (Elf:1)
  A fungus (Lair:6)
  5 plants
1691 creatures vanquished.

Vanquished Creatures (others)
  A slime creature (Swamp:2)
  4 humans (D:12)
  A boggart (Vaults:3)
  A howler monkey (D:14)
  An orc wizard (D:12)
  A bush (Lair:6)
  14 fungi
  22 plants
45 creatures vanquished.

Grand Total: 1736 creatures vanquished

Notes
Turn   | Place    | Note
-------+----------+-------------------------------------------
     0 | D:1      | skittles the Draconian Fire Elementalist began the quest for the Orb.
     0 | D:1      | Reached XP level 1. HP: 14/14 MP: 3/3
   266 | D:1      | Reached XP level 2. HP: 19/20 MP: 1/5
   896 | D:1      | Reached XP level 3. HP: 23/26 MP: 6/6
  1465 | D:2      | Reached XP level 4. HP: 33/33 MP: 5/8
  1761 | D:2      | Noticed Terence
  1767 | D:2      | Learned a level 3 spell: Conjure Flame
  1775 | D:2      | Killed Terence
  2191 | D:2      | Reached XP level 5. HP: 33/38 MP: 9/9
  2238 | D:3      | Found a faded altar of an unknown god.
  2710 | D:3      | Learned a level 4 spell: Sticky Flame
  3892 | D:4      | Reached XP level 6. HP: 32/45 MP: 1/11
  4668 | D:5      | Entered Level 5 of the Dungeon
  4848 | D:5      | Noticed an ice beast
  4852 | D:5      | Killed an ice beast
  4852 | D:5      | Reached skill level 5 in Fire Magic
  4913 | D:5      | Your scales start taking on a dull iron-grey colour.
  4913 | D:5      | Reached XP level 7. HP: 50/50 MP: 8/13
  4913 | D:5      | Gained mutation: You can survive without breathing. [Grey Draconian growth]
  5347 | D:5      | Found a bloodstained altar of Trog.
  5840 | D:6      | Noticed Sigmund
  5959 | D:6      | Reached skill level 5 in Spellcasting
  5959 | D:6      | Reached skill level 5 in Conjurations
  6124 | D:6      | Killed Sigmund
  6124 | D:6      | Reached XP level 8. HP: 28/57 MP: 8/15
  6485 | D:6      | Found a shadowy altar of Dithmenos.
  6629 | D:7      | Noticed Quirk's ghost (novice DsFi)
  6631 | D:7      | Noticed Prince Ribbit
  6740 | D:7      | Found a snail-covered altar of Cheibriados.
  6740 | D:7      | Found a shimmering altar of Xom.
  6741 | D:7      | Found an ancient bone altar of Kikubaaqudgha.
  6744 | D:7      | Found a blossoming altar of Fedhas.
  6748 | D:7      | Found an iron altar of Okawaru.
  6800 | D:7      | Gained mutation: Your muscles are strong. (Str +2) [potion of mutation]
  6800 | D:7      | Gained mutation: Your muscles are very strong. (Str +4) [potion of mutation]
  6800 | D:7      | Gained mutation: You are agile. (Dex +2) [potion of mutation]
  6864 | D:7      | Killed Prince Ribbit
  6877 | D:7      | Found a sand-covered staircase.
  6881 | Ossuary  | Entered an ossuary
  7593 | Ossuary  | Reached XP level 9. HP: 59/62 MP: 14/18
  7810 | D:7      | Learned a level 5 spell: Fireball
  7895 | D:7      | Found a staircase to the Ecumenical Temple.
  8002 | Temple   | Entered the Ecumenical Temple
  8102 | Temple   | Became a worshipper of Vehumet
  8783 | D:6      | Noticed a rust devil
  8783 | D:6      | Noticed a rust devil
  9405 | D:6      | Learned a level 3 spell: Dazzling Spray
  9862 | D:6      | Reached skill level 1 in Axes
  9936 | D:7      | Killed Quirk's ghost
 10025 | D:8      | Reached skill level 2 in Axes
 10049 | D:8      | Noticed a two-headed ogre
 10059 | D:8      | Killed a two-headed ogre
 10059 | D:8      | Reached XP level 10. HP: 74/74 MP: 11/21
 10331 | D:8      | Reached * piety under Vehumet
 10331 | D:8      | Offered knowledge of Sandblast by Vehumet.
 10353 | D:8      | Learned a level 1 spell: Sandblast
 10375 | D:8      | Noticed a two-headed ogre
 10417 | D:8      | Killed a two-headed ogre
 10417 | D:8      | Reached skill level 3 in Axes
 10949 | D:8      | Noticed Quirk's ghost (novice DsGl)
 10964 | D:8      | Killed Quirk's ghost
 11213 | D:8      | Reached skill level 4 in Axes
 11792 | D:9      | Lost mutation: Your muscles are very strong. (Str +4) [potion of mutation]
 11792 | D:9      | Lost mutation: You are agile. (Dex +2) [potion of mutation]
 11792 | D:9      | Lost mutation: Your muscles are strong. (Str +2) [potion of mutation]
 11792 | D:9      | Gained mutation: Your tail ends in a poisonous barb. [potion of mutation]
 11792 | D:9      | Gained mutation: You have supernaturally acute eyesight. (SInv) [potion of mutation]
 11792 | D:9      | Gained mutation: You have an increased reservoir of magic. (+10% MP) [potion of mutation]
 11792 | D:9      | Gained mutation: You are robust. (+10% HP) [potion of mutation]
 12060 | D:9      | Reached XP level 11. HP: 89/93 MP: 22/25
 12206 | D:9      | Offered knowledge of Magic Dart by Vehumet.
 12208 | D:9      | Reached ** piety under Vehumet
 12628 | D:9      | Reached skill level 5 in Fighting
 12664 | D:9      | Reached skill level 5 in Axes
 12986 | D:9      | Noticed a seven-headed hydra
 12995 | D:9      | Noticed a two-headed ogre
 13026 | D:9      | Killed a two-headed ogre
 13026 | D:9      | Reached skill level 5 in Dodging
 13882 | D:9      | Got a warped copper ring
 13884 | D:9      | Identified the ring "Jaax" {rC+ MR+ Int+3} (You found it on level 9 of the Dungeon)
 13891 | D:9      | Got a wavering glass ring
 13898 | D:9      | Got a smoking lead ring
 13901 | D:9      | Got an ancient lapis lazuli ring
 13942 | D:9      | Identified the ring of Benevolence {Ice rElec Str+6 Int-2} (You found it on level 9 of the Dungeon)
 13944 | D:9      | Identified the ring of Saoruis {rPois rN+ Str+2 Int+3} (You found it on level 9 of the Dungeon)
 13946 | D:9      | Identified the ring "Hylunwuy" {*Tele *Corrode rN++ Str+6} (You found it on level 9 of the Dungeon)
 14030 | D:10     | Entered Level 10 of the Dungeon
 14105 | D:10     | Offered knowledge of Stone Arrow by Vehumet.
 14119 | D:10     | Learned a level 3 spell: Stone Arrow
 14198 | D:10     | Noticed Erolcha
 14208 | D:10     | Killed Erolcha
 14208 | D:10     | Reached skill level 10 in Fire Magic
 14477 | D:10     | Noticed a two-headed ogre
 14508 | D:10     | Killed a two-headed ogre
 14675 | D:10     | Noticed Urug
 15058 | D:10     | Killed Urug
 15058 | D:10     | Reached skill level 6 in Axes
 15289 | D:10     | Reached *** piety under Vehumet
 15315 | D:10     | Found Ynipur's Magic Scroll Shop.
 15318 | D:10     | Bought a scroll of identify for 24 gold pieces
 15318 | D:10     | Bought a scroll of identify for 24 gold pieces
 15722 | D:11     | Offered knowledge of Iskenderun's Mystic Blast by Vehumet.
 15736 | D:11     | Reached XP level 12. HP: 104/105 MP: 6/27
 15859 | D:11     | Found a staircase to the Lair.
 16170 | D:11     | Noticed a seven-headed hydra
 16174 | D:11     | Killed a seven-headed hydra
 16192 | D:11     | Reached **** piety under Vehumet
 16373 | D:11     | Noticed a two-headed ogre
 16384 | D:11     | Killed a two-headed ogre
 16930 | D:12     | Noticed Kirke
 16941 | D:12     | Offered knowledge of Static Discharge by Vehumet.
 16945 | D:12     | Killed Kirke
 16945 | D:12     | Reached skill level 10 in Conjurations
 17113 | D:12     | Reached skill level 7 in Axes
 17301 | D:12     | Noticed a two-headed ogre
 17311 | D:12     | Killed a two-headed ogre
 17722 | D:12     | Found a staircase to the Orcish Mines.
 17909 | Lair:1   | Entered Level 1 of the Lair of Beasts
 17950 | Lair:1   | Noticed a six-headed hydra
 17959 | Lair:1   | Killed a six-headed hydra
 18309 | Lair:1   | Reached ***** piety under Vehumet
 18315 | Lair:1   | Offered knowledge of Irradiate by Vehumet.
 18315 | Lair:1   | Reached XP level 13. HP: 85/117 MP: 15/29
 19387 | Lair:2   | Reached skill level 10 in Spellcasting
 19409 | Lair:2   | Reached skill level 8 in Axes
 21787 | Lair:4   | Offered knowledge of Lightning Bolt by Vehumet.
 21970 | Lair:4   | Found a staircase to the Snake Pit.
 22135 | Lair:4   | Found a staircase to the Swamp.
 23079 | Lair:4   | HP: 5/122 [swamp worm (21)]
 23669 | Lair:5   | Reached skill level 9 in Axes
 23682 | Lair:5   | Reached XP level 14. HP: 61/129 MP: 12/31
 24583 | Lair:6   | Entered Level 6 of the Lair of Beasts
 24912 | Lair:5   | Learned a level 5 spell: Lightning Bolt
 25113 | Lair:6   | Offered knowledge of Conjure Ball Lightning by Vehumet.
 25272 | Lair:6   | Found a dark tunnel.
 25277 | Volcano  | Entered a volcano
 25785 | Volcano  | Reached skill level 10 in Fighting
 25978 | Volcano  | Found a bloodstained altar of Trog.
 27613 | Lair:6   | Reached skill level 1 in Earth Magic
 27740 | Lair:6   | Noticed an acid blob
 27746 | Lair:6   | Killed an acid blob
 27746 | Lair:6   | Reached skill level 10 in Axes
 27848 | Lair:6   | Got a slimy rapier
 27849 | Lair:6   | Identified the +8 rapier of Upue {freeze, Dex+5} (You found it on level 6 of the Lair of Beasts)
 27860 | Lair:6   | Found a staircase to the Slime Pits.
 28487 | Lair:6   | Offered knowledge of Yara's Violent Unravelling by Vehumet.
 28498 | Lair:6   | Reached XP level 15. HP: 134/140 MP: 9/33
 28762 | Lair:6   | Learned a level 6 spell: Iron Shot
 28769 | Lair:6   | Learned a level 5 spell: Bolt of Magma
 29540 | Lair:2   | Got an ichor-stained war axe
 29541 | Lair:2   | Identified the +1 war axe "Vesiuts" {drain, rC++ Str+3} (You found it on level 2 of the Lair of Beasts)
 29659 | Orc:1    | Entered Level 1 of the Orcish Mines
 29708 | Orc:1    | Noticed Harold
 29721 | Orc:1    | Killed Harold
 29889 | Orc:2    | Entered Level 2 of the Orcish Mines
 30040 | Orc:2    | Reached skill level 5 in Earth Magic
 30338 | Orc:2    | Noticed Maurice
 30369 | Orc:2    | Killed Maurice
 30558 | Orc:2    | Found a shimmering altar of Xom.
 31059 | Orc:1    | Noticed Erica
 31066 | Orc:1    | Killed Erica
 31397 | Orc:2    | Noticed an orc warlord
 31401 | Orc:2    | Reached skill level 10 in Dodging
 31411 | Orc:2    | Killed an orc warlord
 31540 | Orc:2    | Found a staircase to the Elven Halls.
 31895 | Orc:2    | Offered knowledge of Bolt of Fire by Vehumet.
 32043 | Orc:2    | Found Sauffexe's Distillery.
 32045 | Orc:2    | Found Nufeulax's General Store.
 32055 | Orc:2    | Reached skill level 11 in Axes
 32189 | Orc:2    | Bought a scroll of identify for 34 gold pieces
 33431 | Orc:2    | Lost mutation: You are robust. (+10% HP) [a neqoxec]
 34406 | Orc:2    | Found Rumnykust's Book Shop.
 34406 | Orc:2    | Found a one-way gate leading to the halls of Pandemonium.
 34406 | Orc:2    | Found Umosir Vaage's Antique Weapon Boutique.
 34526 | Orc:1    | Offered knowledge of Freezing Cloud by Vehumet.
 35207 | D:13     | Found a hazy altar of Hepliaklqana.
 35645 | D:13     | Reached skill level 12 in Axes
 35656 | D:13     | Found Coaxt's Weapon Boutique.
 36115 | D:14     | Found a gate to the Vaults.
 36115 | D:14     | Noticed Nessos
 36139 | D:13     | Reached XP level 16. HP: 104/135 MP: 15/35
 36601 | D:14     | Killed Nessos
 36799 | D:14     | Reached skill level 10 in Earth Magic
 37141 | D:14     | Found a sacrificial altar of Ru.
 37562 | D:14     | Found a runed gate.
 37562 | D:14     | Found a runed gate.
 37562 | D:14     | Found a runed gate.
 37569 | D:14     | Offered knowledge of Poison Arrow by Vehumet.
 37574 | D:14     | Noticed a tengu reaver
 38055 | D:14     | Found an opulent altar of Gozag.
 38108 | D:14     | Reached skill level 13 in Axes
 38515 | D:14     | Found a runed gate.
 38515 | D:14     | Found a runed gate.
 38515 | D:14     | Found a runed gate.
 38534 | D:14     | Noticed a storm dragon
 38679 | D:14     | Killed a tengu reaver
 38905 | D:14     | Got a crude bone ring
 38909 | D:14     | Identified Sif Muna's Volume of Scorching Poison
 38925 | D:14     | Identified the ring of Leaves {rN+ Dex+3} (You found it on level 14 of the Dungeon)
 38998 | D:15     | Entered Level 15 of the Dungeon
 39416 | D:15     | Noticed Rupert
 39444 | D:15     | Killed Rupert
 39622 | D:15     | Found a staircase to the Depths.
 40380 | Elf:1    | Entered Level 1 of the Elven Halls
 40698 | Elf:1    | Identified the Disquisition on Evil Rites
 41589 | Lair:1   | Learned a level 2 spell: Swiftness
 41711 | Lair:4   | Reached skill level 14 in Axes
 41725 | Snake:1  | Entered Level 1 of the Snake Pit
 43541 | Snake:1  | Reached XP level 17. HP: 116/141 MP: 29/36
 44339 | Snake:1  | Found Gipra's Distillery.
 44455 | Snake:1  | Reached skill level 15 in Axes
 47088 | Snake:2  | Reached skill level 16 in Axes
 47490 | Snake:2  | Reached skill level 1 in Shields
 48223 | Snake:3  | Found Ilanlez's Distillery.
 48341 | Snake:3  | Found Umnumom's Armour Shoppe.
 48341 | Snake:3  | Found Tyechieg's Food Emporium.
 48345 | Snake:3  | Noticed Aizul
 48361 | Snake:3  | Killed Aizul
 48511 | Snake:3  | Reached skill level 5 in Shields
 49331 | Snake:3  | Found Igrybbeu's Book Shoppe.
 50752 | Snake:3  | Reached ****** piety under Vehumet
 51354 | Swamp:1  | Entered Level 1 of the Swamp
 53220 | Swamp:2  | Reached XP level 18. HP: 123/149 MP: 12/37
 53854 | Swamp:2  | Reached skill level 10 in Shields
 54201 | Swamp:3  | Found a frozen archway.
 54218 | IceCv    | Entered an ice cave
 55748 | Swamp:4  | Entered Level 4 of the Swamp
 55759 | Swamp:4  | Offered knowledge of Lehudib's Crystal Spear by Vehumet.
 55759 | Swamp:4  | Offered knowledge of Chain Lightning by Vehumet.
 55759 | Swamp:4  | Offered knowledge of Tornado by Vehumet.
 56237 | Swamp:4  | Learned a level 8 spell: Lehudib's Crystal Spear
 57622 | Swamp:4  | Noticed the 27-headed Lernaean hydra
 57907 | Swamp:4  | Killed the 27-headed Lernaean hydra
 58154 | Swamp:4  | Got a decaying rune of Zot
 58568 | Snake:4  | Entered Level 4 of the Snake Pit
 58694 | Snake:4  | Noticed Jorgrun
 58699 | Snake:4  | Killed Jorgrun
 59501 | Snake:4  | Reached XP level 19. HP: 153/156 MP: 16/38
 59562 | Snake:4  | Got a fine brass ring
 59741 | Snake:4  | Reached skill level 15 in Shields
 59989 | Snake:4  | Found Doraxur's Magic Scroll Emporium.
 60001 | Snake:4  | Noticed Vashnia
 60260 | Snake:4  | Killed Vashnia
 61714 | Snake:3  | Bought a book of Minor Magic for 260 gold pieces
 62222 | Snake:4  | Identified the ring of Suopirun {Fire +Inv Str+4 SInv} (You took it off a naga ritualist on level 4 of the Snake Pit)
 63545 | Snake:4  | Got a serpentine rune of Zot
 63853 | Lair:1   | Learned a level 2 spell: Blink
 64331 | Vaults:1 | Entered Level 1 of the Vaults
 65791 | Vaults:1 | Reached skill level 17 in Axes
 65966 | Vaults:1 | Reached XP level 20. HP: 162/162 MP: 27/40
 66689 | Vaults:2 | Noticed PeterLawrence's ghost (adept MiFi)
 69297 | Vaults:2 | Found a staircase to the Crypt.
 69297 | Vaults:2 | Found an ancient bone altar of Kikubaaqudgha.
 69300 | Vaults:2 | Reached skill level 15 in Earth Magic
 69307 | Vaults:2 | Found a basalt altar of Yredelemnul.
 71916 | Vaults:3 | Noticed Jory
 71931 | Vaults:4 | Slain by an orc knight

Skill      XL: |  1  2  3  4  5  6  7  8  9 10 11 12 13 14 15 16 17 18 19 20 |
---------------+-------------------------------------------------------------+-----
Conjurations   | 2 3 4 5 6 7 8 9 10 11 12 13 14 | 14.3
Spellcasting   | 3 4 5 6 7 8 9 10 11 12 13 14 | 14.0
Fire Magic     | 4 5 6 7 8 9 10 11 12 | 12.2
Dodging        | 3 4 5 6 8 9 10 | 10.0
Axes           | 2 4 6 7 9 10 12 14 16 17 | 17.9
Fighting       | 2 4 6 8 9 10 | 10.4
Earth Magic    | 3 9 12 14 15 | 15.5
Shields        | 9 14 15 | 15.4
Stealth        | |  1.7

Action                   |  1- 3 |  4- 6 |  7- 9 | 10-12 | 13-15 | 16-18 | 19-21 || total
-------------------------+-------+-------+-------+-------+-------+-------+-------++-------
Melee: Short sword       |    12 |    54 |       |       |       |       |       ||    66
       Tailslap          |     9 |    22 |    36 |    32 |    49 |    99 |    89 ||   336
       Unarmed           |     1 |       |       |       |       |       |       ||     1
       Mace              |    60 |       |       |       |       |       |       ||    60
       Morningstar       |       |    19 |       |       |       |       |       ||    19
       Whip              |       |   213 |   211 |       |       |       |       ||   424
       Flail             |       |       |   122 |       |       |       |       ||   122
       Broad axe         |       |       |    28 |   377 |   520 |  1009 |   794 ||  2728
 Cast: Flame Tongue      |    26 |    81 |    80 |   154 |   172 |       |       ||   513
       Sticky Flame      |       |     2 |    24 |    85 |   163 |    60 |    17 ||   351
       Conjure Flame     |       |       |     3 |     8 |     7 |     1 |       ||    19
       Dazzling Spray    |       |       |     3 |     5 |    37 |     3 |       ||    48
       Fireball          |       |       |       |    26 |   125 |   150 |    85 ||   386
       Lightning Bolt    |       |       |       |       |     5 |       |       ||     5
       Stone Arrow       |       |       |       |       |     4 |    34 |       ||    38
       Iron Shot         |       |       |       |       |    93 |   151 |    68 ||   312
       Bolt of Magma     |       |       |       |       |    61 |   172 |   291 ||   524
Evoke: Lightning rod     |       |       |       |       |       |     1 |       ||     1
       Phantom mirror    |       |       |       |       |       |     1 |       ||     1
  Use: Scroll            |       |       |    12 |    12 |    13 |    13 |     6 ||    56
       Potion            |       |       |     1 |     1 |     1 |     2 |     3 ||     8
 Stab: Sleeping          |       |     5 |     5 |     4 |     1 |     2 |     1 ||    18
       Distracted        |       |       |     1 |       |       |     1 |       ||     2
       Invisible         |       |       |       |       |     2 |       |       ||     2
  Eat: Chunk             |     2 |    11 |    13 |    32 |    82 |    34 |    32 ||   206
       Fruit             |       |       |     5 |     3 |    20 |    17 |       ||    45
       Royal jelly       |       |       |     2 |     1 |     2 |     8 |     1 ||    14
       Bread ration      |       |       |       |       |       |     9 |     6 ||    15
       Meat ration       |       |       |       |       |       |     4 |       ||     4
Armor: Skin              |    44 |   118 |   234 |   127 |   252 |   244 |   104 ||  1123
Dodge: Dodged            |    63 |   240 |   377 |   286 |   618 |   560 |   242 ||  2386
Block: Shield            |       |       |       |       |       |   298 |   537 ||   835
